AoeStats
← maxpower5208

Arabia

510107436Analyzed
1v1 RM · 2d ago on Sep 29, 2026· 36m 47s· 2 players
Game mode
Random Map
Map size
Tiny (2 player)
Population
200
Speed
Normal
Resources
Standard
Victory
Conquest
Starting age
Dark Age
Ending age
Imperial Age
RankedLock teamsTeams togetherTeam positionsShared explorationLock speedFull tech treeHidden civsTurbo modeCheats
Victory
Defeat
🇷🇺 Varangians · Russia
995
+16
🇦🇷 Franks · Argentina
1000
-48
NeuroGG
7:31 Loom
9:42 Feudal Age
11:18 Double-Bit Axe
12:12 Bloodlines
13:08 Bloodlines
16:24 Horse Collar
24:18 Castle Age
23:18 Scale Barding Armor
23:24 Forging
23:30 Gold Mining
25:08 Husbandry
25:52 Chain Barding Armor
26:36 Iron Casting
28:15 Wheelbarrow
30:11 Hand Cart
31:53 Bow Saw
maxpower5208
12:00 Feudal Age
15:21 Double-Bit Axe
25:43 Castle Age
24:44 Gold Mining
25:04 Man-at-Arms
25:48 Crossbowman
27:07 Bow Saw
27:58 Pikeman
32:14 Wheelbarrow
32:03 Scale Mail Armor
32:40 Gambesons
33:40 Squires
Connection lost

Rejoining the realm…

Still unreachable

The connection could not be restored.

Session expired

The server has moved on; the page needs a fresh start.